 Dungeon Crawl Stone Soup version 0.31-a0-590-g8a5a4361df (webtiles) character file.

Game seed: 6089765430863468909

6 dialectric the Shield-Bearer (level 1, -1/11 HPs)
             Began as a Vine Stalker Fighter on Aug 20, 2023.
             Frozen to death by an endoplasm (4 damage)
             ... on level 1 of the Dungeon.
             The game lasted 00:00:07 (136 turns).

dialectric the Shield-Bearer (Vine Stalker Fighter)  Turns: 136, Time: 00:00:09

Health: -1/11      AC:  6    Str: 18    XL:     1   Next: 90%
Magic:  0/2        EV:  9    Int:  8    God:
Gold:   16         SH:  4    Dex: 13    Spells: 0/0 levels left

rFire   . . .        a - +0 flail
rCold   . . .        c - +0 buckler
rNeg    . . .        b - +0 scale mail
rPois   .            (no helmet)
rElec   .            (no cloak)
rCorr   .            (no gloves)
SInv    .            (no boots)
Will    .....        (no amulet) Stlth
                     (no ring)
HPRegen 0.21/turn    (no ring)
MPRegen 0.08/turn

%: guardian spirit
@: no status effects
A: fangs 2, magic shield, antimagic bite, no potion heal 2
a: no special abilities


You were on level 1 of the Dungeon.
You visited 1 branch of the dungeon, and saw 1 of its levels.

You collected 16 gold pieces.

Inventory:

Hand Weapons
 a - a +0 flail (weapon)
Armour
 b - a +0 scale mail (worn)
 c - a +0 buckler (worn)
Scrolls
 e - a scroll of silence {unknown}
Potions
 d - a potion of might
 f - a potion of magic {unknown}


   Skills:
 + Level 2.8 Fighting
 + Level 1.8 Maces & Flails
 + Level 2.5 Armour
 + Level 2.8 Shields


You couldn't memorise any spells.
You didn't know any spells.
Your spell library was empty.

Dungeon Overview and Level Annotations

Branches:
Dungeon (1/15)

Altars:


Innate Abilities, Weirdness & Mutations

You have extremely sharp teeth.
When hurt, damage is shared between your health and your magic reserves.
Your bite disrupts and absorbs the magic of your enemies.
Potions cannot restore your health.


Message History

You block the kobold's attack.
You hit the kobold.
You kill the kobold!
Things that are here:
a +0 dagger; a kobold corpse You hit the endoplasm but do no damage.
The endoplasm freezes you.
You are frozen.
The endoplasm freezes you.
You are frozen.
You hit the endoplasm. You bite the endoplasm. You drain its power.
The endoplasm is almost dead.
The endoplasm hits you but does no damage.
You thump the endoplasm!
You kill the endoplasm!
No target in view!
No target in view!
No target in view!
No target in view!
No target in view!
Unknown command.
f - a puce potion
Things that are here:
a +0 dagger; 2 stones No target in view!
Things that are here:
a +0 dagger; a kobold corpse An endoplasm comes into view.
The endoplasm quivers.
The endoplasm freezes you.
You are frozen.
An endoplasm is nearby!
An endoplasm is nearby!
You hit the endoplasm but do no damage. The endoplasm freezes you.
You are frozen.
* * * LOW HITPOINT WARNING * * *
The endoplasm freezes you.
You are frozen.
You die...

#.###.#######
#.###.###
#.......##
####.....##
#..#...#
.#..##..###
#..........#
....######.#
#.#....J@.#.#
#.##.####.#.#
#.#.# #.#.#
#.#.####
#.#....#
#......#
####.#.#
#.#.#


You could see an endoplasm.

Vanquished Creatures
  An endoplasm (D:1)
  2 hobgoblins (D:1)
  2 kobolds (D:1)
5 creatures vanquished.

Notes
Turn   | Place    | Note
-------+----------+-------------------------------------------
     0 | D:1      | dialectric the Vine Stalker Fighter began the quest for the
                  | Orb.
     0 | D:1      | Reached XP level 1. HP: 11/11 MP: 2/2
   136 | D:1      | Frozen to death by an endoplasm

Illustrated notes

Levels and vault maps discovered:
D:1:      saegor_arrival_simple_d, layout_basic, minmay_gold_behind_fungi

Action                     || total
---------------------------++-------
  Melee: Flail             ||    14
         Bite              ||     2
 Armour: Scale mail        ||     4
  Dodge: Dodged            ||     6
  Block: Buckler           ||     4

Table legend: (Time is in decaauts)
 A = Elapsed time spent in this place.
 B = Non-inter-level travel time spent in this place.
 C = Inter-level travel time spent in this place.
 D = Time resting spent in this place.
 E = Time spent auto-exploring this place.
 F = Levels seen in this place.
 G = Mean time per level.
                   A        B        C        D        E       F      G
               +--------+--------+--------+--------+--------+-----+--------+
         Total |    140 |    140 |      0 |      0 |    107 |   1 |  140.0 |
       Dungeon |    140 |    140 |      0 |      0 |    107 |   1 |  140.0 |
               +--------+--------+--------+--------+--------+-----+--------+

Top non-repeatable levels by time:
     D:1: 140 daAuts
